 Dungeon Sprint DCSS version 0.28-a0-533-g9f97627e2a (webtiles) character file.

Game seed: 17064897122962634938

1947 Conn the Arsonist (level 9, -11/55 HPs)
             Began as an Octopode Fire Elementalist on Sept 26, 2021.
             Shot with a bolt by a yaktaur (38 damage)
             ... in the Dungeon (Sprint II: "The Violet Keep of Menkaure").
             The game lasted 00:06:10 (681 turns).

Conn the Arsonist (Octopode Fire Elementalist)       Turns: 681, Time: 00:06:11

Health: -11/55     AC:  1    Str: 10    XL:     9   Next: 18%
Magic:  6/22       EV: 16    Int: 27    God:
Gold:   64         SH:  5    Dex: 13    Spells: 13/26 levels left

rFire   + . .      SeeInvis .     - Unarmed
rCold   x . .      Faith    .   (no shield)
rNeg    . . .      Spirit   .   (helmet restricted)
rPois   +          Reflect  +   e - amulet of reflection
rElec   .          Harm     .   c - ring "Yluzumn" {Fire Contam rPois Str+3 Int+7}
rCorr   .          Rampage  .   (no ring)
Will    .....      NoTele   +   (no ring)
Stlth   +++++.....              (no ring)
HPRegen 0.18/turn               (no ring)
MPRegen 0.18/turn               (no ring)
                                (no ring)
                                (no ring)

@: no status effects
A: almost no armour, amphibious, 8 rings, camouflage 1, gelatinous body 1,
(nimble swimmer 1), tentacles, beak
a: no special abilities


You were in the Dungeon.
You visited 1 branch You collected 1533 gold pieces.
You spent 1469 gold pieces at shops.

Inventory:

Jewellery
 c - the ring "Yluzumn" (left tentacle) {Fire Contam rPois Str+3 Int+7}
   (You bought it in a shop in the Dungeon)

   [ring of fire]

   It enhances your fire magic.
   Str:       It affects your strength (+3).
   Int:       It affects your intelligence (+7).
   rF:        It protects you from fire.
   rC:        It makes you vulnerable to cold.
   rPois:     It protects you from poison.
   Contam:    It causes magical contamination when unequipped.
 e - an amulet of reflection (around mantle)
 g - an amulet of guardian spirit
Scrolls
 f - a scroll of blinking
Potions
 a - a potion of curing
 d - 2 potions of magic


   Skills:
 + Level 2.7 Fighting
 + Level 7.5 Dodging
 + Level 8.5 Stealth
 + Level 0.8 Shields
 - Level 5.6 Unarmed Combat
 + Level 9.0 Spellcasting
 + Level 4.5 Conjurations
 + Level 2.2 Hexes
 + Level 13.2 Fire Magic


You had 13 spell levels left.
You knew the following spells:

 Your Spells              Type           Power      Damage    Failure   Level
a - Foxfire               Conj/Fire      100%       2x1d9     1%          1
b - Conjure Flame         Conj/Fire      74%        6-21      1%          3
c - Inner Flame           Hex/Fire       69%        N/A       1%          3
d - Flame Wave            Conj/Fire      74%        3d13      1%          4
e - Scorch                Fire           100%       2d10      1%          2

Your spell library contained the following spells:

 Spells                   Type           Power      Damage    Failure   Level


Dungeon Overview and Level Annotations

Branches:
Dungeon (1/1)

Altars:
Cheibriados
Dithmenos
Elyvilon
Fedhas
Gozag
Hepliaklqana
Kikubaaqudgha
Makhleb
Nemelex Xobeh
Okawaru
Qazlal
Ru
Sif Muna
Trog
Uskayaw
Vehumet
Wu Jian
Xom
Yredelemnul
Zin
The Shining One
Beogh
Jiyva
Lugonu

Shops:
D !=:[![(![*:?=[*

Annotations:
D exclusion: oklob plant


Innate Abilities, Weirdness & Mutations

You cannot wear most types of armour.
You are amphibious.
You can wear up to eight rings at the same time.
Your skin changes colour to match your surroundings (Stealth+).
Your rubbery body absorbs attacks. (AC +1, EV +1)
((You are camouflaged near water. (Stealth+)))
You have tentacles for arms and can constrict up to eight enemies at once.
You have a beak for a mouth.


Message History

The polar bear misses you. The polar bear barely misses you.
The polar bear claws you.
Casting: Scorch (safe; 1% risk of failure)
Confirm with . or Enter, or press ? or * to list all spells.
Casting: Flame Wave (dangerous; 1% risk of failure)
Press: ? - help, Dir - look around, f - activate You feel a surge of power!
A wave of flame ripples out!
The flame wave engulfs the polar bear!!
The polar bear is burned terribly!
You kill the polar bear!
The flame wave engulfs the polar bear! (Press . to intensify the flame waves.)
The polar bear explodes!
The fiery explosion engulfs the polar bear!!!
You kill the polar bear!
The fiery explosion engulfs you! You resist.
You are engulfed in blazing flames.
You resist.
* * * LOW HITPOINT WARNING * * *
The yaktaur is engulfed in blazing flames.
Your Fighting skill increases to level 2!
Your Spellcasting skill gained 2 levels and is now at level 9!
Your Conjurations skill increases to level 4!
Your Hexes skill increases to level 2!
Your Fire Magic skill increases to level 13!
You have reached level 9!
Your experience leads to an increase in your attributes!
Your base attributes are Str 7, Int 19, Dex 13.
Increase (S)trength, (I)ntelligence, or (D)exterity?
You feel clever.
Unknown command.
Press < or > to pray at altars.
Unknown command.
Press < or > to pray at altars.
Unknown command.
Press < or > to pray at altars.
You feel much better.
You are engulfed in blazing flames.
You resist.
The hornet is engulfed in a cloud of scalding steam.
The yaktaur wields a +0 arbalest.
The yaktaur shoots a bolt.
The bolt hits you!!!
Ouch! That really hurt!
You die...

##.#.#..# #..# .#▓)[!(
.'.##+..### .^##.#▓!!($(
##..##....###...##▓▓▓▓▓▓
###.##.§....≈≈§≈≈≈≈≈≈≈≈≈
B ###≈≈§§...≈#y########+
○.#≈≈≈≈≈≈§..≈#c...._..#≈
.##≈≈≈≈§≈≈≈.≈#.§.§_._.#≈
##≈≈≈§≈≈≈§≈≈≈#.†§§._._#§
≈≈≈≈≈≈≈§≈§≈§≈#.§@._._.#≈
+++#≈≈§§≈§≈§§#._._._._#≈
§§ ##≈≈≈###≈§#_._._._.#≈
§≈;;##≈§# #§≈#._._._._#≈
§;≈≈≈+§§# #≈§#_._._...#≈
≈≈≈≈##§§≈≈≈§≈##########≈
≈;≈## #######≈≈≈≈≈≈≈≈§§
#### ≈§###≈########§


You could see a yaktaur and a hornet.

Vanquished Creatures
  A merfolk siren (D)
  3 polar bears (D)
  Menkaure (D)
  4 neqoxecs (D)
  4 necrophages (D)
  A hell rat (D)
14 creatures vanquished.

Vanquished Creatures (others)
  A water moccasin (D)
  23 foxfires (D)
24 creatures vanquished.

Grand Total: 38 creatures vanquished

Notes
Turn   | Place    | Note
-------+----------+-------------------------------------------
     0 | D        | Conn the Octopode Fire Elementalist began the quest for the
                  | Orb.
     0 | D        | Reached XP level 1. HP: 11/11 MP: 3/3
     1 | D        | Noticed a necrophage
     1 | D        | Noticed a necrophage
     1 | D        | Noticed a necrophage
     1 | D        | Noticed a necrophage
     7 | D        | Killed a necrophage
     8 | D        | Reached skill level 1 in Unarmed Combat
     8 | D        | Reached skill level 6 in Fire Magic
     8 | D        | Reached XP level 2. HP: 17/17 MP: 3/6
     8 | D        | Reached XP level 3. HP: 21/21 MP: 4/8
     8 | D        | Reached XP level 4. HP: 27/27 MP: 4/9
    15 | D        | Killed a necrophage
    16 | D        | Reached skill level 5 in Stealth
    16 | D        | Reached skill level 8 in Fire Magic
    16 | D        | Reached XP level 5. HP: 30/31 MP: 4/11
    23 | D        | Killed a necrophage
    24 | D        | Reached skill level 5 in Dodging
    24 | D        | Reached skill level 5 in Spellcasting
    24 | D        | Reached skill level 9 in Fire Magic
    24 | D        | Reached XP level 6. HP: 30/37 MP: 5/13
    32 | D        | Killed a necrophage
    43 | D        | Learned a level 3 spell: Conjure Flame
    47 | D        | Learned a level 3 spell: Inner Flame
    52 | D        | Learned a level 4 spell: Flame Wave
    55 | D        | Learned a level 2 spell: Scorch
    87 | D        | Killed a water moccasin
   121 | D        | Noticed a neqoxec
   121 | D        | Noticed a neqoxec
   121 | D        | Noticed a neqoxec
   121 | D        | Noticed a neqoxec
   126 | D        | Killed a neqoxec
   126 | D        | Killed a neqoxec
   127 | D        | Reached skill level 1 in Fighting
   127 | D        | Reached skill level 10 in Fire Magic
   127 | D        | Reached XP level 7. HP: 13/43 MP: 3/16
   127 | D        | Gained mutation: You have a beak for a mouth. [a neqoxec]
   130 | D        | Killed a neqoxec
   130 | D        | Killed a neqoxec
   131 | D        | Reached skill level 5 in Unarmed Combat
   131 | D        | Reached skill level 11 in Fire Magic
   382 | D        | Noticed a merfolk siren
   391 | D        | Killed a merfolk siren
   392 | D        | Reached skill level 12 in Fire Magic
   392 | D        | Reached XP level 8. HP: 50/50 MP: 8/19
   469 | D        | Noticed a boulder beetle
   469 | D        | Noticed a boulder beetle
   476 | D        | Found Lesmo's Assorted Antiques.
   476 | D        | Found Esanownoi's Assorted Antiques.
   476 | D        | Found Zoasam's Book Boutique.
   476 | D        | Found Yklof's Jewellery Boutique.
   476 | D        | Found Ythruir's Armour Boutique.
   477 | D        | Found Urur's Magic Scroll Shop.
   477 | D        | Found Ryaskyd's Armour Boutique.
   477 | D        | Found Dewumoev's Distillery.
   478 | D        | Found Nolav's Antique Weapon Shop.
   478 | D        | Found Dyblodin's Antique Armour Boutique.
   478 | D        | Noticed a death yak
   479 | D        | Noticed Menkaure
   484 | D        | Killed Menkaure
   489 | D        | Found Mutawi Runo's Distillery.
   489 | D        | Found Xixyggon's Antique Armour Shop.
   489 | D        | Noticed an oklob plant
   490 | D        | Found Kammounk's Jewellery Shop.
   490 | D        | Found Bivuk's Book Shoppe.
   490 | D        | Found Tiagiubuz's Distillery.
   492 | D        | Noticed a manticore
   494 | D        | Bought a scroll of acquirement for 572 gold pieces
   494 | D        | Acquired 804 gold pieces
   497 | D        | Noticed a redback
   501 | D        | Bought the ring "Yluzumn" {Fire Contam rPois Str+3 Int+7}
                  | for 567 gold pieces
   501 | D        | Bought an amulet of reflection for 330 gold pieces
   502 | D        | Noticed a manticore
   512 | D        | Noticed a manticore
   644 | D        | Reached skill level 1 in Hexes
   661 | D        | Found an opulent altar of Gozag.
   662 | D        | Found a blossoming altar of Fedhas.
   662 | D        | Found a sparkling altar of Nemelex Xobeh.
   663 | D        | Found a white marble altar of Elyvilon.
   663 | D        | Found a burning altar of Makhleb.
   664 | D        | Found a shadowy altar of Dithmenos.
   664 | D        | Found a corrupted altar of Lugonu.
   665 | D        | Found a snail-covered altar of Cheibriados.
   665 | D        | Found an ancient bone altar of Kikubaaqudgha.
   665 | D        | Found a bloodstained altar of Trog.
   666 | D        | Found a viscous altar of Jiyva.
   666 | D        | Found a shimmering blue altar of Sif Muna.
   667 | D        | Found a hazy altar of Hepliaklqana.
   667 | D        | Found a sacrificial altar of Ru.
   668 | D        | Found a shimmering altar of Xom.
   669 | D        | Found a stormy altar of Qazlal.
   669 | D        | Found an ornate altar of the Wu Jian Council.
   669 | D        | Found a hide-covered altar of Uskayaw.
   669 | D        | Found a basalt altar of Yredelemnul.
   669 | D        | Found a glowing golden altar of the Shining One.
   669 | D        | Noticed a hornet
   669 | D        | Noticed a polar bear
   670 | D        | Noticed a polar bear
   671 | D        | Found an iron altar of Okawaru.
   671 | D        | Found a radiant altar of Vehumet.
   671 | D        | Found a glowing silver altar of Zin.
   671 | D        | Noticed a yaktaur
   672 | D        | Noticed a polar bear
   680 | D        | Killed a polar bear
   680 | D        | Killed a polar bear
   680 | D        | Killed a polar bear
   681 | D        | Reached skill level 13 in Fire Magic
   681 | D        | Reached XP level 9. HP: 10/55 MP: 5/22
   681 | D        | Shot with a bolt by a yaktaur

Illustrated notes

Levels and vault maps discovered:
D:        the_violet_keep_of_menkaure [sprint2_stairs_cluster_1,
          sprint2_shoproom, sprint2_temple, sprint2_basic_supplies,
          sprint2_obstacle_7, sprint2_obstacle_3, sprint2_obstacle_6,
          sprint2_obstacle_2, sprint2_obstacle_5, sprint2_timed_cluster_1,
          sprint2_smallroom_cluster_1, sprint2_smallroom_final_cluster_1,
          sprint2_transparent_cluster_1, sprint2_second_timed_cluster_1,
          sprint2_sniper_area_1, sprint2_heavy_combat_area_1,
          sprint2_mutation_trap_area_1, sprint2_forest_area_1,
          sprint2_light_combat_area_1, sprint2_behind_water_1,
          sprint2_near_end_vault_1]

Skill      XL: |  1  2  3  4  5  6  7  8 |
---------------+-------------------------+-----
Dodging        | 3 4 5 6 7 |  7.5
Stealth        | 4 5 7 8 |  8.5
Unarmed Combat | 1 2 3 4 5 |  5.6
Spellcasting   | 3 4 5 6 7 9 |  9.0
Fire Magic     | 6 8 9 10 12 13 | 13.2
Fighting       | 1 2 |  2.7
Conjurations   | 2 3 4 |  4.5
Hexes          | 2 |  2.2
Shields        | |  0.8

Action                   |  1- 3 |  4- 6 |  7- 9 || total
-------------------------+-------+-------+-------++-------
Melee: Unarmed           |     4 |    19 |     1 ||    24
       Tentacles         |     2 |     1 |     1 ||     4
       Constrict         |     1 |     3 |     1 ||     5
 Cast: Foxfire           |       |     3 |    12 ||    15
       Flame Wave        |       |     2 |     1 ||     3
       Inner Flame       |       |       |     4 ||     4
       Scorch            |       |       |     2 ||     2
       Conjure Flame     |       |       |     1 ||     1
  Use: Potion            |     2 |       |     1 ||     3
       Scroll            |       |       |     1 ||     1
Armor: Skin              |       |     1 |     1 ||     2
Dodge: Dodged            |     3 |    10 |     5 ||    18
Block: Other             |       |       |     1 ||     1

Table legend: (Time is in decaauts)
 A = Elapsed time spent in this place.
 B = Non-inter-level travel time spent in this place.
 C = Inter-level travel time spent in this place.
 D = Time resting spent in this place.
 E = Time spent auto-exploring this place.
 F = Levels seen in this place.
 G = Mean time per level.
                   A        B        C        D        E       F      G
               +--------+--------+--------+--------+--------+-----+--------+
         Total |    672 |    672 |      0 |    465 |      1 |   1 |  672.0 |
       Dungeon |    672 |    672 |      0 |    465 |      1 |   1 |  672.0 |
               +--------+--------+--------+--------+--------+-----+--------+

Top non-repeatable levels by time:
       D: 672 daAuts
